Map: 16 бит РВ

Players

Murena - Winner!

  • Race: Terran Terran
  • Spawn Location: 7:00

ИИ 1 (эксперт)

  • Race: Protoss Protoss
  • Spawn Location: 1:00

VOD

Have the link to the VOD?

Description

Time

  • Played on: March 30, 2019, 10:07 a.m.
  • Length: 8:51
Show
View Real Time Build Order
Export as new Build Order

Murena Terran - Winner!

Build Orders: 1/1/1, Banshee Rush 

Get SALT Encoding   

  12  0:01  SCV  
  13  0:14  SCV  
  13  0:17  Refinery  
  14  0:29  SCV, Supply Depot  
  15  0:51  SCV  
  15  0:52  Barracks  
  16  1:04  SCV  
  17  1:07  Supply Depot  
  17  1:17  SCV  
  18  1:29  SCV  
  19  1:33  Refinery  
  19  1:38  Marine  
  20  1:41  Factory  
  20  1:43  SCV  
  21  1:57  SCV, Marine  
  23  2:09  SCV  
  24  2:15  Marine  
  25  2:23  SCV  
  25  2:26  Starport  
  25  2:27  Widow Mine  
  28  2:34  Supply Depot, Marine  
  28  2:36  SCV  
  30  2:46  Bunker  
  30  2:54  Orbital Command  
  30  3:03  Starport Tech Lab  
  30  3:11  Starport  
  30  3:18  Barracks Tech Lab  
  30  3:22  Banshee  
  33  3:31  Supply Depot  
  33  3:37  Marauder  
  35  3:47  Starport Tech Lab  
  35  3:50  Cloaking Field  
  35  3:58  Marauder  
  37  4:05  Banshee  
  37  4:07  Banshee  
  43  4:11  Supply Depot  
  43  4:18  SCV  
  43  4:20  Marauder  
  43  4:23  Concussive Shells  
  46  4:31  Engineering Bay  
  46  4:36  SCV  
  47  4:44  Marauder  
  49  4:50  Banshee  
  49  4:52  Supply Depot  
  52  4:54  Banshee  
  55  5:01  Missile Turret  
  55  5:23  Command Center  
  55  5:27  SCV  
  56  5:32  Marauder  
  58  5:36  Factory Tech Lab  
  58  5:40  Engineering Bay  
Show
View Real Time Build Order
Export as new Build Order

ИИ 1 (эксперт) Protoss 

Build Orders:  

Get SALT Encoding   

  12  0:00  Probe  
  13  0:13  Probe  
  14  0:20  Pylon  
  14  0:25  Probe  
  15  0:34  Probe  
  15  0:42  Probe  
  16  0:47  Assimilator  
  17  0:50  Gateway  
  17  0:52  Probe  
  18  1:00  Probe, Pylon  
  19  1:08  Probe  
  20  1:18  Probe  
  21  1:30  Probe  
  22  1:36  Zealot  
  22  1:39  Cybernetics Core  
  24  1:42  Probe  
  25  2:01  Nexus  
  25  2:13  Gateway  
  25  2:15  Zealot  
  25  2:17  Pylon  
  25  2:26  Probe  
  25  2:29  Warp Gate  
  28  2:38  Probe, Assimilator  
  29  2:47  Adept  
  29  2:50  Probe  
  32  3:00  Adept  
  32  3:01  Probe  
  32  3:05  Pylon  
  35  3:09  Probe  
  35  3:16  Adept  
  38  3:22  Probe  
  40  3:27  Probe  
  40  3:30  Stalker  
  43  3:34  Probe  
  43  3:39  Probe  
  43  3:41  Robotics Facility  
  44  3:46  Probe  
  44  3:47  Adept  
  45  3:51  Probe  
  45  3:55  Adept  
  48  3:58  Probe  
  51  4:03  Probe  
  52  4:10  Probe, Pylon  
  52  4:15  Probe  
  54  4:22  Probe  
  55  4:26  Stalker  
  55  4:27  Probe  
  55  4:29  Immortal  
  62  4:32  Pylon  
  62  4:34  Probe  
  62  4:38  Stalker  
  65  4:39  Probe  
  66  4:46  Probe  
  66  4:49  Robotics Facility  
  66  4:51  Probe, Stalker  
  70  4:58  Immortal  
  70  5:02  Probe  
  70  5:04  Probe  
  72  5:08  Pylon  
  76  5:15  Pylon  
  76  5:18  Stalker  
  78  5:26  Twilight Council, Probe, Sentry  
  81  5:29  Assimilator  
  81  5:36  Assimilator  
  81  5:42  Gateway  
  81  5:49  Pylon  
  81  5:52  Probe x2  
  83  5:58  Zealot  
  85  6:04  Probe  
  85  6:05  Probe  
  85  6:06  Templar Archives  
  85  6:08  Pylon  
  87  6:14  Probe  
  88  6:21  Forge  
  88  6:23  Forge  
  88  6:28  Nexus  
  88  6:33  Observer  
  88  6:37  Stalker  
  91  6:41  Stalker  
  91  6:45  High Templar  
  91  6:52  Gateway  
  87  6:54  Pylon  
  87  7:00  Stalker  
  81  7:04  High Templar  
  55  7:17  High Templar, Pylon  
  53  7:23  Zealot  
  49  7:36  Templar Archives  
  49  7:37  Probe, Zealot  
  49  7:38  Pylon  
  49  7:41  Stalker  
  51  7:44  Zealot  
  51  7:46  Zealot  
  49  7:57  Zealot  
  51  8:02  Zealot  
  51  8:04  Zealot  
  51  8:05  Nexus  
  47  8:09  Zealot  
  41  8:17  High Templar  
  26  8:32  Probe, Zealot  
Tags
 
Matchup
ПvТ
Opening
1/1/1
Spawn Locations
Cross Positions
Strategy
Banshee Rush
Add a new tag
Caveats
  • Supply blocks, unpowered buildings, or Contaminate may cause inaccurate times.
  • Supply counts are checked every 10 seconds.